 Dungeon Crawl Stone Soup version 0.14-a0-2881-g20de702 (webtiles) character file.

1465 4tharraofdagon the Ruffian (level 8, 1/78 HPs)
             Began as a Troll Transmuter on Mar 1, 2014.
             Was a Follower of Cheibriados.
             Quit the game on Level 8 of the Dungeon.
             The game lasted 00:08:44 (1286 turns).

4tharraofdagon the Ruffian (Troll Transmuter)       Turns: 1286, Time: 00:08:45

HP   1/78        AC  6     Str 23      XL: 8   Next: 36%
MP   6/6         EV 11     Int 11      God: Cheibriados [*.....]
Gold 120         SH  0     Dex  9 (12) Spells:  1 memorised,  8 levels left

rFire  . . .     SeeInvis .       - Unarmed
rCold  . . .     Clarity  .     c - +0 robe
rNeg   . . .     Conserve .     (shield restricted)
rPois  .         rCorr    .     (helmet restricted)
rElec  .         rRot     .     p - +0 cloak
SustAb + .       Spirit   .     (gloves unavailable)
rMut   .         Warding  .     (boots unavailable)
Gourm  +         Stasis   .     (no amulet)
MR     .....                    (no ring)
                                o - ring of sustain abilities {unknown}

@: very poisoned, very slow, not resistant to hostile enchantments, very
unstealthy
A: unfitting armour, claws 3, fast metabolism 3, gourmand, regeneration 2,
saprovore 2, shaggy fur 1, tough skin 2
a: Bend Time, Renounce Religion


You were on level 8 of the Dungeon.
You worshipped Cheibriados.
Cheibriados was aware of your devotion.
You were very full.

You visited 1 branch of the dungeon, and saw 8 of its levels.

You collected 120 gold pieces.

Inventory:

Missiles
 b - 12 arrows
 e - 5 large rocks (quivered)
Armour
 c - a +0 robe (worn)
 p - a +0 cloak (worn)
Magical devices
 j - a wand of lightning (2)
 n - a wand of random effects (5)
Comestibles
 a - 2 meat rations
 h - 2 bread rations
 u - a choko
Scrolls
 f - a scroll of enchant weapon I {unknown}
 g - a scroll of recharging {unknown}
 i - 2 scrolls of remove curse {unknown}
 s - 2 scrolls of fear {unknown}
Jewellery
 o - a ring of sustain abilities (left claw) {unknown}
 r - an uncursed amulet of warding {unknown}
 t - an uncursed amulet of resist mutation {unknown}
Potions
 k - a potion of invisibility {unknown}
 l - a potion of resistance {unknown}
 m - a potion of lignification {unknown}
 q - a potion of degeneration {unknown}
Books
 d - a book of Changes

   Spells                             Type                      Level
   *Beastly Appendage                 Transmutation                1
   Sticks to Snakes                   Transmutation                2
   Spider Form                        Transmutation/Poison         3
   Ice Form                           Ice/Transmutation            4
   Blade Hands                        Transmutation                5


   Skills:
 + Level 4.1 Fighting
 + Level 4.6 Dodging
 * Level 7.8 Unarmed Combat
 - Level 1.2 Spellcasting
 - Level 1.3 Transmutations


You had 8 spell levels left.
You knew the following spells:

 Your Spells              Type           Power        Failure   Level  Hunger
a - Beastly Appendage     Trmt           #.....       21%         1    ##.....


Dungeon Overview and Level Annotations

Branches:
Dungeon (8/16)
 Temple: D:4-7         Lair: D:8-11

Altars:
Cheibriados
Dithmenos
Elyvilon


Innate Abilities, Weirdness & Mutations

You are too large for most types of armour.
You have claws for hands.
Your metabolism is lightning-fast.
You like to eat raw meat.
You heal very quickly.
You can eat rotten meat.
You are covered in fur (AC +1).
You have very tough skin (AC +2).


Message History

* * * LOW HITPOINT WARNING * * *
The orc zombie hits you but does no damage.
The sky beast flickers out of sight!
Deactivating autopickup; reactivate with Ctrl-A.
The orc wizard casts a spell.
The orc wizard blinks!
A centaur comes into view.
You mangle the orc wizard!!
You kill the orc wizard!
Cheibriados thoroughly appreciates the change of pace.
* * * LOW HITPOINT WARNING * * *
You feel very sick. The giant frog hits you!
* * * LOW HITPOINT WARNING * * *
The orc zombie hits you but does no damage.
The giant frog hits you.
* * * LOW HITPOINT WARNING * * *
A worker ant comes into view.
Unknown command.
Are you sure you want to abandon this character and quit the game? (Confirm with "yes".)

.........######...
..................
##......######...
######.# #.#
#########.######
.....).........#
#########.###...#
#@)..##%###...#
....#####zF...).......#
......I.)F.............
######.##$...##.###...#
.. #c.###.... ### ...
...... .....# #..
..#..###.....# I ..#..#
#.....# . #5a# .....


You could see 2 giant frogs, a centaur, a worker ant, a crimson imp and an orc
zombie.

Vanquished Creatures
  The ghost of ciphuk the Cloud Mage, an experienced HEAE of Ashenzari (D:7)
  2 sky beasts
  An ice beast (D:6)
  Sigmund (D:6)
  3 wights
  A goliath beetle (D:6)
  A quasit (D:5)
  2 hounds
  3 orc wizards
  A scorpion (D:8)
  An iguana (D:6)
  4 worker ants
  A big kobold skeleton (D:8)
  A worm zombie (D:6)
  An adder (D:8)
  A giant mite (D:6)
  A worm (D:4)
  6 orcs
  5 hobgoblins
  3 kobolds
  4 quokkas
  3 bats
  2 giant newts
  A giant newt skeleton (D:4)
  4 jackals
  5 rats
  2 ballistomycetes (D:7)
61 creatures vanquished.

Vanquished Creatures (others)
  A giant spore (D:7)
1 creature vanquished.

Grand Total: 62 creatures vanquished

Notes
Turn   | Place    | Note
--------------------------------------------------------------
     0 | D:1      | 4tharraofdagon, the Troll Transmuter, began the quest for the Orb.
     0 | D:1      | Reached XP level 1. HP: 18/18 MP: 2/2
   129 | D:4      | Reached skill level 1 in Fighting
   129 | D:4      | Reached XP level 2. HP: 24/27 MP: 2/2
   287 | D:4      | Noticed an orc priest
   304 | D:5      | Entered Level 5 of the Dungeon
   315 | D:5      | Reached XP level 3. HP: 20/33 MP: 3/3
   393 | D:6      | Reached skill level 4 in Unarmed Combat
   404 | D:6      | Reached XP level 4. HP: 39/41 MP: 4/4
   464 | D:6      | Reached XP level 5. HP: 47/49 MP: 4/4
   536 | D:6      | Noticed an ice beast
   540 | D:6      | Killed an ice beast
   540 | D:6      | Reached skill level 5 in Unarmed Combat
   540 | D:6      | Reached XP level 6. HP: 43/59 MP: 5/5
   544 | D:6      | Noticed a sky beast
   602 | D:6      | Killed a sky beast
   657 | D:6      | Found a white marble altar of Elyvilon.
   694 | D:6      | Noticed Sigmund
   707 | D:6      | Killed Sigmund
   755 | D:5      | FU
   784 | D:7      | Found a snail-covered altar of Cheibriados.
   805 | D:7      | Reached skill level 6 in Unarmed Combat
   805 | D:7      | Reached XP level 7. HP: 38/67 MP: 5/5
   844 | D:7      | Noticed ciphuk's ghost (experienced HEAE)
   845 | D:7      | WHY
   901 | D:7      | Killed ciphuk's ghost
   901 | D:7      | Reached skill level 7 in Unarmed Combat
   901 | D:7      | Reached XP level 8. HP: 61/78 MP: 6/6
   912 | D:7      | Became a worshipper of Cheibriados the Contemplative
  1110 | D:7      | RAGE
  1126 | D:7      | Found a shadowy altar of Dithmenos.
  1280 | D:8      | ghessus
  1285 | D:8      | HP: 1/78 [giant frog (3)]
  1286 | D:8      | Quit the game

Action                   |  1- 3 |  4- 6 |  7- 9 || total
-------------------------+-------+-------+-------++-------
Melee: Unarmed           |    45 |    94 |    95 ||   234
Throw: Large rock        |     2 |     3 |     4 ||     9
Evoke: Wand              |       |     4 |     2 ||     6
  Use: Potion            |     2 |       |       ||     2
       Scroll            |       |       |     1 ||     1
